 Dungeon Crawl Stone Soup version 0.22-a0-271-gc000056 (webtiles) character file.

277 torrenera the Firebug (level 6, -6/45 HPs)
             Began as a Hill Orc Fire Elementalist on Mar 12, 2018.
             Mangled by an iguana (13 damage)
             ... on level 4 of the Dungeon.
             The game lasted 00:10:59 (4229 turns).

torrenera the Firebug (Hill Orc Fire Elementalist)  Turns: 4229, Time: 00:11:00

Health: -6/45      AC:  8    Str: 13    XL:     6   Next: 25%
Magic:  8/8        EV: 11    Int: 15    God:
Gold:   220        SH:  0    Dex: 11    Spells: 2/8 levels left

rFire    . . .     SeeInvis .   q - +0 war axe
rCold    . . .     Gourm    .   (no shield)
rNeg     . . .     Faith    .   m - +1 leather armour {rPois}
rPois    +         Spirit   .   j - +0 helmet
rElec    .         Reflect  .   (no cloak)
rCorr    .         Harm     .   n - +2 pair of gloves
MR       .....                  (no boots)
Stlth    +.........             (no amulet)
HPRegen  0.15/turn              (no ring)
MPRegen  0.11/turn              (no ring)

@: no status effects
A: no striking features
a: no special abilities


You were on level 4 of the Dungeon.
You were hungry.

You visited 1 branch of the dungeon, and saw 4 of its levels.

You collected 220 gold pieces.

Inventory:

Hand Weapons
 q - a +0 war axe (weapon)
 r - a +1 dagger of venom
 t - a +1 dagger of draining
Missiles
 b - 25 stones (quivered)
Armour
 e - a +0 chain mail
 j - a +0 helmet (worn)
 k - a +0 scale mail
 m - a +1 leather armour of poison resistance (worn)
 n - a +2 pair of gloves (worn)
Scrolls
 a - 2 scrolls of remove curse {unknown}
 d - a scroll of fog {unknown}
 g - a scroll of teleportation {unknown}
 h - 2 scrolls of identify {unknown}
 i - a scroll of fear {unknown}
 l - a scroll of noise {unknown}
 o - a scroll of enchant weapon {unknown}
 u - a scroll of blinking {unknown}
Potions
 p - a potion of flight {unknown}
 s - 2 potions of lignification {unknown}
 v - a potion of curing
 w - 2 potions of heal wounds {unknown}
Comestibles
 c - 6 rations
 f - 4 chunks of flesh


   Skills:
 - Level 1.5 Dodging
 - Level 1.5 Stealth
 - Level 1.5 Spellcasting
 - Level 1.0 Conjurations
 + Level 7.5 Fire Magic


You had 2 spell levels left.
You knew the following spells:

 Your Spells              Type           Power        Failure   Level  Hunger
a - Flame Tongue          Conj/Fire      ##...        4%          1    ##.....
b - Throw Flame           Conj/Fire      ##....       8%          2    ###....
c - Conjure Flame         Conj/Fire      ##......     16%         3    ####...


Dungeon Overview and Level Annotations

Branches:
Dungeon (4/15)
 Temple: D:4-7

Altars:
Gozag
Hepliaklqana
Nemelex Xobeh
Qazlal
Uskayaw
Vehumet

Annotations:
D:3 Grinder


Message History

You are feeling hungry.
An iguana and a hound come into view.
The hound barely misses you.
You see here 2 black potions.
w - 2 black potions The hound bites you.
* * * LOW HITPOINT WARNING * * *
The hound closely misses you.
The phantom hits you but does no damage.
The hound barks!
The iguana hisses angrily.
The hound barely misses you. The hound bites you but does no damage.
Found a hunting sling.
The phantom blinks!
The hound bites you.
* * * LOW HITPOINT WARNING * * *
The hound bites you.
* * * LOW HITPOINT WARNING * * *
Found 21 sling bullets.
The iguana bites you!
You die...

............ #.%#####.
............... #r.......
######......... #.#######
#.........#######Z########
.##...........##r.Zr....#
.(.........######O#Z.#
......# ............#
#....# .......
.......W....# ####.#
#......# .......@hh..# #r#
#......# ?.......l...# #O#
#......# ...)........# #.#
#......#
..........O.########.#
#.......
...........Z.O.Z.O...#
........
...####...############
........ ... #...#
..####.# ## ##### ..##


You could see a phantom, 2 ogres, an iguana, 2 hounds and an adder skeleton.

Vanquished Creatures
  4 orc wizards
  An orc priest (D:3)
  Terence (D:2)
  2 adders (D:4)
  3 oozes (D:1)
  3 dart slugs
  3 leopard geckos
  6 orcs
  A ball python (D:1)
  2 giant cockroaches (D:2)
  5 goblins
  8 hobgoblins
  A quokka (D:3)
  7 bats
  11 frilled lizards
  10 kobolds
  9 rats
77 creatures vanquished.

Notes
Turn   | Place    | Note
-------+----------+-------------------------------------------
     0 | D:1      | torrenera the Hill Orc Fire Elementalist began the quest for the Orb.
     0 | D:1      | Reached XP level 1. HP: 14/14 MP: 3/3
   212 | D:1      | Reached XP level 2. HP: 20/20 MP: 0/4
   358 | D:1      | Learned a level 2 spell: Throw Flame
   370 | D:1      | Reached skill level 4 in Fire Magic
   750 | D:1      | HP: 1/20 [leopard gecko (3)]
   759 | D:1      | Reached XP level 3. HP: 1/26 MP: 0/5
  1656 | D:1      | Reached skill level 5 in Fire Magic
  2246 | D:2      | Found an opulent altar of Gozag.
  2272 | D:2      | Reached XP level 4. HP: 31/33 MP: 6/6
  2412 | D:2      | Found a hazy altar of Hepliaklqana.
  2442 | D:2      | Found a radiant altar of Vehumet.
  2767 | D:2      | Noticed Terence
  2847 | D:2      | Killed Terence
  3011 | D:2      | Found a sparkling altar of Nemelex Xobeh.
  3213 | D:3      | Found a hide-covered altar of Uskayaw.
  3214 | D:3      | Noticed a hand axe
  3215 | D:3      | Noticed a dagger
  3403 | D:3      | Reached skill level 6 in Fire Magic
  3403 | D:3      | Reached XP level 5. HP: 38/38 MP: 3/7
  3416 | D:3      | Learned a level 3 spell: Conjure Flame
  3774 | D:3      | Noticed Grinder
  3782 | D:3      | Paralysed by Grinder for 4 turns
  3868 | D:3      | Paralysed by Grinder for 7 turns
  3955 | D:4      | Reached skill level 7 in Fire Magic
  3959 | D:4      | Reached XP level 6. HP: 41/45 MP: 4/8
  4058 | D:4      | Found a stormy altar of Qazlal.
  4221 | D:4      | Noticed a phantom
  4229 | D:4      | Mangled by an iguana

Vault maps used:
D:1:      erik_arrival_gehennom
D:2:      nemelex_xobeh_ov_fountains_minmay,
          nicolae_gozag_cash_rules_everything_around_me, vehumet_crystals,
          lemuel_crystal_altar, uniq_terence
D:3:      cheibrodos_pilgrimage, dancing_weapons_uskayaw, uniq_grinder
D:4:      overflow_temple_1_default, first_ration, uniq_robin

Skill      XL: |  1  2  3  4  5 |
---------------+----------------+-----
Fire Magic     | 4 5 6 7 |  7.5
Dodging        | |  1.5
Stealth        | |  1.5
Spellcasting   | |  1.5
Conjurations   | |  1.0

Action                   |  1- 3 |  4- 6 || total
-------------------------+-------+-------++-------
Melee: Unarmed           |     2 |       ||     2
       Short sword       |     4 |       ||     4
       Hand axe          |    47 |    28 ||    75
       War axe           |       |    58 ||    58
Throw: Stone             |    10 |     2 ||    12
 Cast: Flame Tongue      |    55 |    47 ||   102
       Throw Flame       |       |     4 ||     4
 Stab: Sleeping          |     2 |       ||     2
  Eat: Chunk             |     6 |     7 ||    13
Armor: Robe              |    10 |       ||    10
       Leather armour    |     7 |   101 ||   108
Dodge: Dodged            |    43 |   111 ||   154

Table legend:
 A = Spawn XP
 B = Non-spawn XP
 C = Spawn XP percentage of total XP
 D = Spawn monster count
 E = Non-spawn monster count
 F = Spawn count percentage of total count
 G = Total turns spent on level
                    A         B        C        D         E        F      G
               +---------+---------+-------+---------+---------+-------+---------
         Total |       0 |     396 |   0.0 |       0 |      77 |   0.0 |  4229
               +---------+---------+-------+---------+---------+-------+---------
           D:1 |       0 |      69 |   0.0 |       0 |      33 |   0.0 |  2081
           D:2 |       0 |      76 |   0.0 |       0 |      25 |   0.0 |   991
           D:3 |       0 |     137 |   0.0 |       0 |      12 |   0.0 |   855
           D:4 |       0 |     114 |   0.0 |       0 |       7 |   0.0 |   302
               +---------+---------+-------+---------+---------+-------+---------
